 Dungeon Crawl Stone Soup version 0.22-a0-417-g1387785 (webtiles) character file.

886 Mgcat the Covert (level 7, -2/32 HPs)
             Began as a Spriggan Enchanter on May 14, 2018.
             Was a Believer of Dithmenos.
             Killed by divine providence
             ... invoked by an orc priest
              (15 damage)
             ... on level 5 of the Dungeon.
             The game lasted 00:15:02 (5023 turns).

Mgcat the Covert (Spriggan Enchanter)               Turns: 5023, Time: 00:15:02

Health: -2/32      AC:  3    Str:  9    XL:     7   Next: 76%
Magic:  0/12       EV: 18    Int: 20    God:    Dithmenos [**....]
Gold:   168        SH:  0    Dex: 17    Spells: 5/11 levels left

rFire    . . .     SeeInvis +   j - +3 dagger (elec)
rCold    . . .     Gourm    .   (shield restricted)
rNeg     . . .     Faith    .   b - +0 robe
rPois    .         Spirit   .   (helmet restricted)
rElec    .         Reflect  .   r - +0 cloak
rCorr    .         Harm     .   (gloves unavailable)
MR       +....                  (boots unavailable)
Stlth    +++++.....             (no amulet)
HPRegen  0.10/turn              g - +2 ring of intelligence
MPRegen  0.13/turn              (no ring)

@: mighty, lethally poisoned (-2 -> -12), wreathed by umbra, very quick
A: very small, unfitting armour, see invisible, herbivore, speed 3, slow
metabolism 2
a: Shadow Step, Renounce Religion


You were on level 5 of the Dungeon.
You worshipped Dithmenos.
Dithmenos was pleased with you.
You were very hungry.

You visited 2 branches of the dungeon, and saw 6 of its levels.

You collected 168 gold pieces.

Inventory:

Hand Weapons
 j - a +3 dagger of electrocution (weapon)
   (You took it off a kobold on level 2 of the Dungeon)
Armour
 b - a +0 robe (worn)
 r - a +0 cloak (worn)
   (You found it on level 3 of the Dungeon)
Jewellery
 g - a +2 ring of intelligence (left hand)
   (You found it on level 1 of the Dungeon)
Wands
 e - a wand of random effects (14)
   (You took it off Robin on level 4 of the Dungeon)
Scrolls
 c - a scroll of identify
Potions
 a - a potion of experience {unknown}
 f - a potion of lignification {unknown}
 h - a potion of brilliance
 l - 2 potions of agility
 n - 2 potions of resistance
Comestibles
 d - 4 rations


   Skills:
 - Level 1.1 Short Blades
 - Level 3.0 Dodging
 + Level 9.2 Stealth
 - Level 2.6 Spellcasting
 + Level 7.3 Hexes
 + Level 3.8 Ice Magic


You had 5 spell levels left.
You knew the following spells:

 Your Spells              Type           Power        Failure   Level  Hunger
a - Corona                Hex            ####...      1%          1    None
b - Ensorcelled Hibernat  Hex/Ice        ###...       2%          2    ##.....
c - Confuse               Hex            ####....     2%          3    ###....

Your spell library contained the following spells:

 Spells                   Type           Power        Failure   Level  Hunger
 Tukima's Dance           Hex            ####....     2%          3    ###....
 Dazzling Spray           Conj/Hex       ###...       10%         3    ###....


Dungeon Overview and Level Annotations

Branches:
Dungeon (5/15)             Temple (1/1) D:4

Altars:
Ashenzari
Cheibriados
Dithmenos
Hepliaklqana
Sif Muna
Uskayaw
Xom
The Shining One


Innate Abilities, Weirdness & Mutations

You are very small and have problems with some larger weapons.
You are too small for most types of armour.
You have supernaturally acute eyesight. (SInv)
You are a herbivore.
You cover ground extremely quickly.
You need to consume almost no food.


Message History

The orc priest is wielding a falchion of electrocution.
You see here a flail.
Casting: Ensorcelled Hibernation (safe; 2% risk of failure)
Confirm with . or Enter, or press ? or * to list all spells.
Aiming: Ensorcelled Hibernation (safe; 2% risk of failure)
Press: ? - help, Shift-Dir - straight line, f - kobold
Aim: a kobold, wielding a short sword (umbra, chance to defeat MR: 71%)
The kobold looks drowsy...
The sky beast flickers out of sight for a moment.
The orc closely misses you.
The helpless kobold fails to defend itself.
You impale the kobold!! Lightning courses through the kobold!
You kill the kobold!
Dithmenos accepts your kill.
You hit the orc. Lightning courses through the orc!
You kill the orc!
Dithmenos accepts your kill. The goblin completely misses you.
Blork the orc looks satisfied for a moment.
A crimson imp comes into view.
You closely miss the orc priest. The orc priest completely misses you.
The goblin misses you.
You barely miss the orc priest. The orc priest completely misses you.
The goblin completely misses you.
An orc comes into view.
You barely miss the orc priest.
The orc priest hits you but does no damage.
The goblin hits you but does no damage.
You hit the orc priest.
The orc priest is lightly wounded.
The sentinel's mark upon you fades away.
The orc priest misses you. The goblin misses you.
You hit the orc priest but do no damage.
The orc priest is lightly wounded.
The sky beast flickers out of sight for a moment.
Blork the orc looks angry.
The orc priest barely misses you. The goblin hits you.
The crimson imp spits at you.
You hit the orc priest but do no damage.
The orc priest is lightly wounded.
The orc priest misses you.
The orc priest looks encouraged for a moment.
The goblin hits you.
The crimson imp blinks!
An orc wizard comes into view. It is wielding a dagger.
You closely miss the orc priest.
The orc priest is lightly wounded.
Blork the orc screams, "I'll crush all your ribs!
One by one!"
Blork the orc mumbles some strange words.
Blork the orc seems to speed up.
The orc priest closely misses you.
The orc priest calls upon Beogh to heal the orc priest.
The orc priest's wounds heal themselves!
The goblin misses you.
Casting: Ensorcelled Hibernation (safe; 2% risk of failure)
Confirm with . or Enter, or press ? or * to list all spells.
Aiming: Ensorcelled Hibernation (safe; 2% risk of failure)
Press: ? - help, Shift-Dir - straight line, f - goblin
Aim: a goblin (umbra, chance to defeat MR: 71%)
The goblin looks drowsy...
Blork the orc begins to cast a cantrip, but forgets the words!
The orc priest looks braver for a moment. x2
The helpless goblin fails to defend itself.
You perforate the goblin like a sieve!!!
You kill the goblin!
Dithmenos accepts your kill.
The orc wizard gestures wildly while chanting.
The orc wizard seems to speed up.
Blork the orc misses you.
The orc priest casts a cantrip, but nothing happens.
Casting: Ensorcelled Hibernation (safe; 2% risk of failure)
Confirm with . or Enter, or press ? or * to list all spells.
Aiming: Ensorcelled Hibernation (safe; 2% risk of failure)
Press: ? - help, Shift-Dir - straight line, f - Blork the orc
Aim: Blork the orc, wielding a scimitar and wearing a robe (fast, umbra, chance to defeat MR: 53%) Blork the orc looks drowsy...
Marking area around Blork the orc as unsafe for travelling.
The orc priest completely misses you.
A kobold comes into view.
Unknown command.
Unknown command.
Unknown command.
The helpless Blork the orc fails to defend himself.
You spit Blork the orc like a pig!!!
Lightning courses through Blork the orc!
You kill Blork the orc!
Dithmenos accepts your kill.
The orc wizard looks satisfied for a moment.
The killer bee misses you.
The orc priest casts a cantrip, but nothing happens.
The orc priest looks braver for a moment.
Okay, then.
Unknown command.
Unknown command.
Unknown command.
Unknown command.
You feel very mighty all of a sudden. The killer bee stings you!
You are poisoned.
The killer bee poisons you! The killer bee closely misses you.
The orc priest invokes the aid of Beogh against you.
Beogh smites you!
You die...

##########
.........#
.........#
.........#########
.........ggooYly.#
.........#######@#
....†......## #o#
.........#..# #o#
.....o...#K.# #o#
.........##g####.#
...........g...>K#
###########..#...#
######.g#..(#
............#


You could see a sky beast (invisible), a killer bee, 2 orc priests, an orc
wizard, 2 orcs, a leopard gecko, a hobgoblin, a goblin and a kobold.

Vanquished Creatures
  An ogre (D:4)
  A phantom (D:4)
  Blork the orc (D:5)
  A scorpion (D:5)
  A howler monkey (D:4)
  An orc wizard (D:3)
  Crazy Yiuf (D:4)
  A hound (D:4)
  2 bullfrog skeletons
  A centaur skeleton (D:4)
  3 worker ants (D:4)
  Robin (D:4)
  16 gnolls
  5 adders
  2 oozes
  2 worms
  4 dart slugs
  A leopard gecko (D:4)
  13 orcs
  2 giant cockroaches (D:2)
  17 goblins
  10 hobgoblins
  4 jackals (D:4)
  A ball python (D:4)
  7 bats
  3 frilled lizards (D:1)
  9 kobolds
  7 rats
118 creatures vanquished.

Notes
Turn   | Place    | Note
-------+----------+-------------------------------------------
     0 | D:1      | Mgcat the Spriggan Enchanter began the quest for the Orb.
     0 | D:1      | Reached XP level 1. HP: 9/9 MP: 5/5
   155 | D:1      | Reached skill level 4 in Hexes
   155 | D:1      | Reached XP level 2. HP: 10/13 MP: 4/6
   161 | D:1      | Reached skill level 5 in Stealth
   165 | D:1      | Learned a level 2 spell: Ensorcelled Hibernation
   262 | D:1      | HP: 1/13 [kobold (3)]
  1021 | D:2      | Reached XP level 3. HP: 16/16 MP: 2/8
  1096 | D:2      | HP: 1/16 [bullfrog skeleton (5)]
  1403 | D:1      | Learned a level 3 spell: Confuse
  1644 | D:2      | Reached XP level 4. HP: 21/21 MP: 9/9
  1686 | D:2      | Reached skill level 1 in Ice Magic
  1921 | D:2      | Found a faded altar of an unknown god.
  1952 | D:2      | Reached skill level 6 in Stealth
  2442 | D:3      | Reached skill level 5 in Hexes
  2627 | D:4      | Noticed a phantom
  2645 | D:4      | Reached XP level 5. HP: 19/24 MP: 7/10
  2664 | D:4      | Killed a phantom
  2664 | D:4      | Reached skill level 7 in Stealth
  2664 | D:4      | Reached skill level 2 in Ice Magic
  2728 | D:4      | Found a staircase to the Ecumenical Temple.
  2738 | Temple   | Entered the Ecumenical Temple
  2753 | Temple   | Became a worshipper of Dithmenos the Shadowed
  2791 | D:4      | Noticed an ogre
  2978 | D:4      | Reached XP level 6. HP: 20/28 MP: 1/11
  3160 | D:3      | Reached skill level 6 in Hexes
  3365 | D:3      | Reached * piety under Dithmenos
  3583 | D:3      | Reached skill level 8 in Stealth
  4098 | D:3      | Reached skill level 3 in Ice Magic
  4219 | D:4      | Reached XP level 7. HP: 32/32 MP: 12/12
  4307 | D:4      | Found a runed door.
  4515 | D:4      | Noticed Robin
  4542 | D:4      | Killed Robin
  4673 | D:4      | Reached skill level 7 in Hexes
  4884 | D:4      | Noticed Crazy Yiuf
  4888 | D:4      | Killed Crazy Yiuf
  4914 | D:5      | Entered Level 5 of the Dungeon
  4988 | D:5      | Noticed Blork the orc
  5002 | D:5      | Reached skill level 9 in Stealth
  5007 | D:5      | Reached ** piety under Dithmenos
  5022 | D:5      | Killed Blork the orc
  5023 | D:5      | Killed from afar by an orc priest

Vault maps used:
D:1:      ncdulo_watergridlock, minmay_pentomino_s4
D:2:      first_ration, serial_co_window_serial, co_window_paths_b,
          co_window_paths_a, co_window_of_opportunity_a, co_window_corner_a,
          co_window_paths_b, co_window_corner_b, co_window_cross_3,
          co_window_corner_ca, co_window_broadway_a, co_window_paths_e,
          co_window_4corner_a, chequers_ecumenical_altar_simple_redux
D:3:      kennysheep_nondescript, kennysheep_generic_room_4
D:4:      minmay_temple_entry_glassed_door, kennysheep_minor_cross,
          uniq_crazy_yiuf_cottage, uniq_robin
D:5:      corexii_shantytown, nicolae_ossuary_entry_monument, uniq_blork_the_orc
Temple:   compressed_dpeg_circular_temple

Skill      XL: |  1  2  3  4  5  6  7 |
---------------+----------------------+-----
Hexes          | 4 5 6 7 |  7.3
Stealth        | 5 6 7 8 9 |  9.2
Ice Magic      | 1 2 3 |  3.8
Short Blades   | |  1.1
Dodging        | |  3.0
Spellcasting   | |  2.6

Action                   |  1- 3 |  4- 6 |  7- 9 || total
-------------------------+-------+-------+-------++-------
Melee: Dagger            |    74 |   104 |    50 ||   228
 Cast: Corona            |     6 |     1 |       ||     7
       Ensorcelled Hiber |    10 |    73 |    14 ||    97
       Confuse           |     1 |     2 |     1 ||     4
  Use: Scroll            |       |    13 |       ||    13
       Potion            |       |       |     2 ||     2
 Stab: Sleeping          |    13 |    58 |     9 ||    80
       Confused          |     1 |     2 |       ||     3
  Eat: Ration            |       |     2 |     1 ||     3
Armor: Robe              |     5 |     5 |     2 ||    12
Dodge: Dodged            |    53 |    63 |    41 ||   157

Table legend:
 A = Spawn XP
 B = Non-spawn XP
 C = Spawn XP percentage of total XP
 D = Spawn monster count
 E = Non-spawn monster count
 F = Spawn count percentage of total count
 G = Total turns spent on level
                    A         B        C        D         E        F      G
               +---------+---------+-------+---------+---------+-------+---------
         Total |       0 |    1266 |   0.0 |       0 |     118 |   0.0 |  5023
               +---------+---------+-------+---------+---------+-------+---------
           D:1 |       0 |      38 |   0.0 |       0 |      18 |   0.0 |  1301
           D:2 |       0 |      97 |   0.0 |       0 |      19 |   0.0 |  1134
           D:3 |       0 |     293 |   0.0 |       0 |      36 |   0.0 |  1112
           D:4 |       0 |     657 |   0.0 |       0 |      38 |   0.0 |  1340
           D:5 |       0 |     181 |   0.0 |       0 |       7 |   0.0 |   109
               +---------+---------+-------+---------+---------+-------+---------

Vault maps used:
D:1:      ncdulo_watergridlock, minmay_pentomino_s4
D:2:      first_ration, serial_co_window_serial, co_window_paths_b,
          co_window_paths_a, co_window_of_opportunity_a, co_window_corner_a,
          co_window_paths_b, co_window_corner_b, co_window_cross_3,
          co_window_corner_ca, co_window_broadway_a, co_window_paths_e,
          co_window_4corner_a, chequers_ecumenical_altar_simple_redux
D:3:      kennysheep_nondescript, kennysheep_generic_room_4
D:4:      minmay_temple_entry_glassed_door, kennysheep_minor_cross,
          uniq_crazy_yiuf_cottage, uniq_robin
D:5:      corexii_shantytown, nicolae_ossuary_entry_monument, uniq_blork_the_orc
Temple:   compressed_dpeg_circular_temple

Table legend:
 A = Turns spent in this place as a percentage of turns spent in the entire game.
 B = Non-inter-level travel turns spent in this place as a percentage of non-inter-level travel turns spent in the entire game.
 C = Inter-level travel turns spent in this place as a percentage of turns spent in this place.
 D = Turns resting spent in this place as a percentage of non-inter-level travel turns spent in this place.
 E = Turns spent auto-exploring this place as a percentage of non-inter-level travel turns spent in this place.
 F = Non-inter-level travel turns spent in this place divided by the number of levels of this place that you've seen.
                   A       B       C       D       E      F
               +-------+-------+-------+-------+-------+----------------------
         Total | 100.0 | 100.0 |   3.3 |   2.8 |  72.4 | 809.3
       Dungeon |  99.5 |  99.4 |   3.3 |   2.8 |  72.8 | 965.8
        Temple |   0.5 |   0.6 |   0.0 |   0.0 |   3.7 |  27.0
               +-------+-------+-------+-------+-------+----------------------

Table legend:
 A = Kills in this place as a percentage of kills in entire the game.
 B = Kills by you in this place as a percentage of kills by you in the entire game.
 C = Kills by friends in this place as a percentage of kills by friends in the entire game.
 D = Other kills in this place as a percentage of other kills in the entire game.
 E = Experience gained in this place as a percentage of experience gained in the entire game.
 F = Experience gained in this place divided by the number of levels of this place that you have seen.
                   A       B       C       D       E      F
               +-------+-------+-------+-------+-------+----------------------
         Total | 100.0 | 100.0 |   N/A |   N/A | 100.0 | 211.0
       Dungeon | 100.0 | 100.0 |   N/A |   N/A | 100.0 | 253.2
               +-------+-------+-------+-------+-------+----------------------
